 Dungeon Crawl Stone Soup version 0.24-a0-699-g5a66b1aa3b (webtiles) character file.

Game seed: 6608451998081301403, levelgen mode: deterministic

254861 Kairok the Unseen (level 19, 0/102 HPs)
             Began as a Vine Stalker Monk on Sept 29, 2019.
             Was the Champion of Okawaru.
             Slain by a +1 scimitar of distortion (5 damage)
             ... on level 2 of the Elven Halls.
             The game lasted 01:34:51 (28405 turns).

Kairok the Unseen (Vine Stalker Monk)              Turns: 28405, Time: 01:34:52

Health: 0/102      AC: 28    Str: 12    XL:     19   Next: 76%
Magic:  0/33       EV: 23    Int: 17    God:    Okawaru [******]
Gold:   2007       SH: 23    Dex: 28    Spells: 33/36 levels left

rFire    . . .     SeeInvis +   r - +8 quick blade
rCold    . . .     Gourm    .   u - +2 large shield
rNeg     . . .     Faith    .   x - +2 swamp dragon scales
rPois    +         Spirit   +   N - +1 helmet {SInv}
rElec    .         Reflect  .   z - +2 cloak {+Inv}
rCorr    .         Harm     .   n - +5 pair of gloves "Atheempa" {Regen+ Str-3 Int+7}
MR       ++...                  j - +1 pair of boots
Stlth    +++++++...             e - amulet of regeneration
HPRegen  1.87/turn              i - +2 ring of slaying
MPRegen  0.23/turn              V - +4 ring of dexterity

@: heroism, very slightly contaminated, lightly drained
A: fangs 3, regeneration 2, magic shield, antimagic bite, no potion heal 3, rot
immunity, subdued magic 1
}: 2/15 runes: decaying, serpentine
a: Heroism, Finesse, Renounce Religion, Evoke Invisibility


You were on level 2 of the Elven Halls.
You worshipped Okawaru.
Okawaru was exalted by your worship.
You were not hungry.

You visited 7 branches of the dungeon, and saw 28 of its levels.
You also visited: Ice Cave and Volcano.

You collected 2825 gold pieces.
You spent 818 gold pieces at shops.

Inventory:

Hand Weapons
 r - a +8 quick blade (weapon)
 S - a +7 rapier of electrocution
 Z - the +5 rapier of the Gloaming {venom, rElec Str-2 SInv Stlth+}
   (Okawaru gifted it to you on level 4 of the Snake Pit)

   It poisons the flesh of those it strikes.
   It affects your strength (-2).
   It insulates you from electricity.
   It lets you see invisible.
   It makes you more stealthy.
Missiles
 v - 8 silver javelins (quivered)
Armour
 j - a +1 pair of boots (worn)
 n - the +5 pair of gloves "Atheempa" (worn) {Regen+ Str-3 Int+7}
   (Okawaru gifted it to you on level 6 of the Lair of Beasts)

   It affects your strength (-3).
   It affects your intelligence (+7).
   It increases your rate of regeneration.
 u - a +2 large shield (worn)
 x - +2 swamp dragon scales (worn)
 z - a +2 cloak of invisibility (worn)
 B - a +3 ring mail of cold resistance
 N - a +1 helmet of see invisible (worn)
 X - a +3 plate armour of fire resistance
Jewellery
 e - an amulet of regeneration (around neck)
 i - a +2 ring of slaying (left hand)
 l - a +2 ring of evasion
 m - the ring "Vegiax" {rF+ Str+2}
   (You found it on level 4 of the Swamp)

   [ring of protection from fire]

   It affects your strength (+2).
   It protects you from fire.
 G - an uncursed ring of positive energy
 I - an uncursed ring of ice
 V - a +4 ring of dexterity (right hand)
Wands
 s - a wand of digging (5)
 t - a wand of acid (29)
 C - a wand of paralysis (19)
 J - a wand of scattershot (4)
 K - a wand of clouds (7)
 P - a wand of iceblast (24)
 T - a wand of disintegration (23)
Scrolls
 d - 4 scrolls of immolation
 h - 2 scrolls of silence
 o - 4 scrolls of enchant weapon
 w - 11 scrolls of identify
 y - 2 scrolls of blinking
 D - 10 scrolls of remove curse
 E - 2 scrolls of fog
 F - 3 scrolls of fear
 H - 4 scrolls of teleportation
 L - a scroll of summoning
 O - 3 scrolls of holy word
 Y - 7 scrolls of magic mapping
Potions
 a - 3 potions of haste
 b - a potion of cancellation
 f - 8 potions of brilliance
 g - 2 potions of mutation
 k - 3 potions of magic
 p - 5 potions of flight
 q - 10 potions of curing
 A - 3 potions of lignification
 Q - 3 potions of agility
 R - 2 potions of invisibility
 U - 2 potions of berserk rage
 W - 2 potions of resistance
Miscellaneous
 M - 2 boxes of beasts
Comestibles
 c - 49 rations


   Skills:
 + Level 12.1(16.4) Fighting
 - Level 14.0(18.2) Short Blades
 + Level 9.2(13.5) Armour
 + Level 10.8(15.1) Dodging
 + Level 15.4(19.7) Stealth
 + Level 13.1(17.4) Shields
 * Level 9.4(8.8) Spellcasting
 - Level 5.8(5.3) Charms
 - Level 5.0(4.4) Necromancy
 + Level 5.4(4.8) Invocations
 + Level 5.8(5.3) Evocations


You had 33 spell levels left.
You knew the following spells:

 Your Spells              Type           Power        Failure   Level  Hunger
a - Regeneration          Chrm/Necr      ###.......   16%         3    None

Your spell library contained the following spells:

 Spells                   Type           Power        Failure   Level  Hunger
 Animate Skeleton         Necr           N/A          6%          1    None
 Pain                     Necr           ###.         6%          1    None
 Vampiric Draining        Necr           ###.......   19%         3    None
 Swiftness                Chrm/Air       ##......     21%         2    None
 Apportation              Tloc           #.....       38%         1    None
 Confusing Touch          Hex            #.....       38%         1    None
 Corona                   Hex            #......      38%         1    None
 Magic Dart               Conj           #...         38%         1    None
 Shock                    Conj/Air       #...         38%         1    None
 Summon Small Mammal      Summ           #...         38%         1    None
 Ensorcelled Hibernation  Hex/Ice        #.....       52%         2    None
 Passwall                 Tmut/Erth      #.......     52%         2    None
 Searing Ray              Conj           #.....       52%         2    None
 Slow                     Hex            #.......     52%         2    None
 Throw Flame              Conj/Fire      #.....       52%         2    None
 Animate Dead             Necr           N/A          54%         4    ###....
 Confuse                  Hex            #.......     77%         3    None
 Dazzling Spray           Conj/Hex       #.....       77%         3    None
 Inner Flame              Hex/Fire       #.......     77%         3    None
 Portal Projectile        Hex/Tloc       #.....       77%         3    None
 Static Discharge         Conj/Air       #.......     77%         3    None
 Tukima's Dance           Hex            #.......     77%         3    None
 Cause Fear               Hex            #.........   99%         4    ###....
 Force Lance              Conj/Tloc      #.......     99%         4    ###....
 Fulminant Prism          Conj/Hex       #.........   99%         4    ###....
 Iskenderun's Mystic Bla  Conj           #.......     99%         4    ###....
 Leda's Liquefaction      Hex/Erth       #.........   99%         4    ###....
 Passage of Golubria      Tloc           N/A          99%         4    ###....
 Summon Lightning Spire   Summ/Air       #.......     99%         4    ###....
 Lee's Rapid Deconstruct  Erth           #.........   100%        5    #####..
 Silence                  Hex/Air        #.........   100%        5    #####..
 Conjure Ball Lightning   Conj/Air       #.........   100%        6    ######.
 Darkness                 Hex            #.........   100%        6    ######.
 Deflect Missiles         Chrm/Air       ##........   100%        6    ######.
 Invisibility             Hex            #.......     100%        6    ######.
 Spellforged Servitor     Conj/Summ      #.........   100%        7    #######
 Tornado                  Air            #.........   100%        9    #######


Dungeon Overview and Level Annotations

Branches:
Dungeon (9/15)             Temple (1/1) D:6            Lair (6/6) D:9
  Swamp (4/4) Lair:4        Snake (4/4) Lair:3        Slime (0/5) Lair:6
    Orc (2/2) D:9             Elf (2/3) Orc:2         IceCv (visited)
Volcano (visited)

Altars:
Ashenzari
Cheibriados
Dithmenos
Elyvilon
Fedhas
Gozag
Hepliaklqana
Kikubaaqudgha
Makhleb
Nemelex Xobeh
Okawaru
Qazlal
Ru
Sif Muna
Trog
Uskayaw
Vehumet
Wu Jian
Xom
Yredelemnul
Zin
The Shining One
Beogh

Shops:
D:4 *   Orc:2 *:([   Elf:1 (!%=   Snake:4 *[[(

Annotations:
Lair:1 exclusion: 3 oklob plants
Elf:2 Saint Roka


Innate Abilities, Weirdness & Mutations

You have razor-sharp teeth.
You heal very quickly.
When hurt, damage is shared between your health and your magic reserves.
Your bite disrupts and absorbs the magic of your enemies.
Potions cannot restore your health.
You are immune to rotting.
Your spells are a little easier to cast, but a little less powerful.


Message History

You drain its power.
You feel invigorated.
The deep elf blademaster is moderately wounded.
As you read the scroll of teleportation, it crumbles to dust.
You feel strangely unstable.
The deep elf blademaster hits you with a +1 rapier of electrocution.
* * * LOW HITPOINT WARNING * * *
The deep elf blademaster hits you but does no damage.
You are electrocuted!!
* * * LOW HITPOINT WARNING * * *
Blink to where?
Press: ? - help, Dir - move target cursor, p - Saint Roka You are very lightly contaminated with residual magic.
As you read the scroll of blinking, it crumbles to dust.
You close the door.
Your surroundings suddenly seem different.
A +2 halberd of flaming comes into view.
The +1 scimitar of distortion hits you!
* * * LOW HITPOINT WARNING * * *
Space bends around you.
You die...

#..oo.## #..)oo'#
...............
#..###'.................
oo.# ..................
#### #.................
o....(...........
o................
................
...#....@.......
##....(......
##.........#
#...........
#............
..............
...............
................
................


You could see 2 dancing weapons.

Vanquished Creatures
  Vashnia (Snake:4)
  Nikola (Snake:1)
  4 thorn hunters
  7 nagarajas
  A deep elf sorcerer (Elf:2)
  Louise (Swamp:1)
  2 orc warlords
  A deep elf demonologist (Elf:1)
  A red draconian (Volcano)
  2 deep elf annihilators
  A deep elf death mage (Elf:2)
  Josephine (Swamp:1)
  Fannar (Lair:1)
  18 naga warriors
  21 hydras
  8 anacondas
  3 two-headed ogres
  2 ghost crabs
  8 dancing weapons
  6 alligators
  An ogre mage (Orc:1)
  7 naga sharpshooters
  10 orc high priests
  3 shock serpents
  5 deep elf knights
  Urug (Lair:3)
  5 salamander mystics
  3 spriggan druids
  10 swamp dragons
  3 lindwurms (Swamp:4)
  7 naga ritualists
  8 deep elf archers
  2 orc knights (Orc:2)
  11 mana vipers
  A wolf spider (Lair:6)
  39 deep elf magi
  A manticore (shapeshifter) (Elf:2)
  2 orc sorcerers
  13 salamanders
  12 elephants
  40 black mambas
  2 molten gargoyles (Volcano)
  An eye of devastation (Lair:6)
  12 guardian serpents
  2 ice statues (IceCv)
  18 naga magi
  20 spiny frogs
  5 rime drakes
  8 ice devils (IceCv)
  6 komodo dragons
  7 trolls
  6 tyrant leeches
  9 hornets
  12 polar bears
  10 bog bodies
  25 blink frogs
  A dream sheep (shapeshifter) (Elf:2)
  4 raiju (Lair:6)
  3 slime creatures (Swamp:3)
  5 dream sheep
  3 hippogriffs
  2 shadows
  Sigmund (D:2)
  A yak (shapeshifter) (Elf:1)
  2 air elementals
  4 spriggans
  2 redbacks (Lair:6)
  9 wyverns
  3 water elementals
  5 wraiths (Swamp:1)
  48 yaks
  Grum (Lair:1)
  Eustachio (D:6)
  2 basilisks
  21 vampire mosquitoes
  4 insubstantial wisps (Swamp:1)
  14 wargs
  53 nagas
  14 swamp worms
  Edmund (D:5)
  13 hell hounds (Lair:6)
  23 water moccasins
  9 porcupines
  12 black bears
  10 swamp drakes
  10 ice beasts
  31 orc warriors
  17 ogres
  2 phantoms
  21 wolves
  An eye of draining (Lair:6)
  6 centaurs
  10 crocodiles
  A big kobold (D:9)
  8 bullfrogs
  Blork the orc (D:6)
  A gnoll sergeant (Orc:2)
  An earth elemental (Elf:2)
  2 scorpions (D:5)
  6 howler monkeys
  4 lava snakes (Volcano)
  2 crimson imps
  5 hounds
  Crazy Yiuf (D:6)
  A jelly (D:7)
  A bullfrog zombie (D:5)
  A gnoll shaman (D:7)
  16 orc priests
  2 centaur skeletons
  18 orc wizards
  3 bullfrog skeletons
  5 iguanas
  2 hell rats (Lair:3)
  6 worker ants
  2 hound skeletons
  A worker ant zombie (D:9)
  A howler monkey skeleton (D:9)
  16 adders
  12 gnolls
  7 river rats (Lair:3)
  8 white imps (IceCv)
  10 ufetubi (IceCv)
  3 oozes
  An adder skeleton (D:9)
  6 worms
  2 dart slugs
  7 leopard geckos
  61 orcs
  7 giant cockroaches
  6 goblins
  2 hobgoblins
  10 jackals
  5 quokkas
  3 ball pythons
  2 bats
  6 frilled lizards
  A jackal skeleton (D:4)
  A jackal zombie (D:6)
  9 kobolds
  A leopard gecko zombie (D:6)
  17 rats
  6 briar patches (Swamp:4)
  2 fungi
1088 creatures vanquished.

Vanquished Creatures (others)
  A reaper (IceCv)
  An orc priest (Orc:1)
  2 orc wizards (Orc:1)
  A white imp (IceCv)
  2 ufetubi (IceCv)
  2 orcs
  A briar patch (Swamp:4)
  15 fungi
  14 plants
39 creatures vanquished.

Grand Total: 1127 creatures vanquished

Notes
Turn   | Place    | Note
-------+----------+-------------------------------------------
     0 | D:1      | Kairok the Vine Stalker Monk began the quest for the Orb.
     0 | D:1      | Reached XP level 1. HP: 11/11 MP: 2/2
   111 | D:1      | Reached XP level 2. HP: 16/16 MP: 3/3
   758 | D:1      | Reached XP level 3. HP: 20/20 MP: 4/4
   951 | D:2      | Noticed Sigmund
   978 | D:2      | Reached skill level 3 in Stealth
  1063 | D:2      | Gained mutation: Your natural rate of healing is unusually
                  | fast. [Vine Stalker growth]
  1063 | D:2      | Reached XP level 4. HP: 24/24 MP: 5/5
  2211 | D:3      | Found an ornate altar of the Wu Jian Council.
  2223 | D:3      | Reached XP level 5. HP: 26/28 MP: 4/6
  2254 | D:3      | Noticed a centaur
  2283 | D:3      | Killed a centaur
  2283 | D:3      | Reached skill level 1 in Armour
  2515 | D:3      | Reached XP level 6. HP: 25/32 MP: 7/7
  2630 | D:3      | Reached skill level 4 in Stealth
  2841 | D:2      | Killed Sigmund
  2841 | D:2      | Reached XP level 7. HP: 31/36 MP: 6/8
  3188 | D:4      | Found Nofimuc's General Store.
  3488 | D:4      | Reached skill level 5 in Short Blades
  3488 | D:4      | Reached skill level 5 in Stealth
  3946 | D:5      | Entered Level 5 of the Dungeon
  4031 | D:5      | Gained mutation: You have razor-sharp teeth. [Vine Stalker
                  | growth]
  4031 | D:5      | Reached XP level 8. HP: 39/42 MP: 6/9
  4113 | D:5      | Noticed Edmund
  4124 | D:5      | Killed Edmund
  4337 | D:5      | Reached skill level 6 in Stealth
  4337 | D:5      | Reached skill level 1 in Shields
  4619 | D:5      | Found an ancient bone altar of Kikubaaqudgha.
  5047 | D:6      | Noticed Eustachio
  5132 | D:6      | Killed Eustachio
  5132 | D:6      | Reached skill level 7 in Stealth
  5132 | D:6      | Reached XP level 9. HP: 45/45 MP: 10/10
  5197 | D:6      | Found a staircase to the Ecumenical Temple.
  5212 | Temple   | Entered the Ecumenical Temple
  5423 | D:6      | Noticed Blork the orc
  5426 | D:6      | Killed Blork the orc
  5801 | D:6      | Found a runed translucent door.
  5802 | D:6      | Noticed Crazy Yiuf
  5817 | D:6      | Killed Crazy Yiuf
  5908 | D:7      | Reached skill level 8 in Stealth
  6435 | D:7      | Reached XP level 10. HP: 41/51 MP: 8/11
  6575 | D:7      | Found a shimmering blue altar of Sif Muna.
  6650 | D:7      | Reached skill level 5 in Armour
  7052 | D:8      | Noticed a two-headed ogre
  7140 | D:8      | Killed a two-headed ogre
  7140 | D:8      | Reached skill level 5 in Fighting
  7140 | D:8      | Reached skill level 9 in Stealth
  7140 | D:8      | Reached skill level 1 in Evocations
  7361 | D:8      | Found a hazy altar of Hepliaklqana.
  7883 | D:8      | Found a glowing silver altar of Zin.
  7883 | D:8      | Found an iron altar of Okawaru.
  7889 | D:8      | Became a worshipper of Warmaster Okawaru
  7889 | D:8      | Reached * piety under Okawaru
  7889 | D:8      | Reached ** piety under Okawaru
  8077 | D:9      | Noticed a two-headed ogre
  8103 | D:9      | Killed a two-headed ogre
  8128 | D:9      | Found a staircase to the Orcish Mines.
  8161 | D:9      | Reached skill level 5 in Dodging
  8180 | D:9      | Found a roughly hewn altar of Beogh.
  8225 | D:9      | Found a staircase to the Lair.
  8362 | D:9      | Found a sparkling altar of Nemelex Xobeh.
  8362 | D:9      | Found a white marble altar of Elyvilon.
  8822 | Lair:1   | Entered Level 1 of the Lair of Beasts
  8842 | Lair:1   | Reached skill level 10 in Stealth
  8877 | Lair:1   | Noticed an oklob plant
  8877 | Lair:1   | Noticed an oklob plant
  8877 | Lair:1   | Noticed an oklob plant
  8961 | Lair:1   | Reached *** piety under Okawaru
  9058 | Lair:1   | Reached XP level 11. HP: 40/56 MP: 9/13
  9062 | Lair:1   | Noticed Fannar
  9067 | Lair:1   | Noticed Grum
  9082 | Lair:1   | Killed Fannar
  9250 | Lair:1   | Reached **** piety under Okawaru
  9612 | Lair:1   | Killed Grum
  9762 | Lair:2   | Reached skill level 10 in Short Blades
  9810 | Lair:2   | Reached ***** piety under Okawaru
 10073 | Lair:2   | Received a gift from Okawaru
 10130 | Lair:2   | Gained mutation: You heal very quickly. [Vine Stalker
                  | growth]
 10130 | Lair:2   | Reached XP level 12. HP: 57/62 MP: 12/14
 10211 | Lair:2   | Found a frozen archway.
 10220 | IceCv    | Entered an ice cave
 10298 | IceCv    | Reached skill level 11 in Stealth
 10317 | IceCv    | Killed a reaper
 10736 | IceCv    | Reached skill level 5 in Shields
 11042 | Lair:2   | Noticed a five-headed hydra
 11079 | Lair:2   | Killed a five-headed hydra
 11647 | Lair:3   | Reached ****** piety under Okawaru
 11666 | Lair:3   | Received a gift from Okawaru
 11760 | Lair:3   | Found a staircase to the Snake Pit.
 11895 | Lair:3   | Noticed Urug
 11917 | Lair:3   | Killed Urug
 12011 | Lair:3   | Reached XP level 13. HP: 67/68 MP: 15/15
 12454 | Lair:3   | Reached skill level 12 in Stealth
 12807 | Lair:4   | Found a staircase to the Swamp.
 13035 | Lair:4   | Received a gift from Okawaru
 13625 | Lair:5   | Found a dark tunnel.
 13646 | Volcano  | Entered a volcano
 13787 | Volcano  | Found a burning altar of Makhleb.
 13901 | Volcano  | Noticed a red draconian
 13903 | Volcano  | Killed a red draconian
 14011 | Volcano  | Gained mutation: Your spells are a little easier to cast,
                  | but a little less powerful. [mutagenic glow]
 14228 | Lair:5   | Received a gift from Okawaru
 14231 | Lair:5   | Got a smoking demon trident {god gift}
 14232 | Lair:5   | Identified the +2 demon trident of Wemaisat {drain, -Tele
                  | *Slow Str+7 Int+8} (Okawaru gifted it to you on level 5 of
                  | the Lair of Beasts)
 14515 | Lair:5   | Reached XP level 14. HP: 73/74 MP: 17/17
 14963 | Lair:6   | Entered Level 6 of the Lair of Beasts
 15023 | Lair:6   | Found a staircase to the Slime Pits.
 15108 | Lair:6   | Received a gift from Okawaru
 15221 | Lair:6   | Got a pair of slimy gloves {god gift}
 15227 | Lair:6   | Identified the +5 pair of gloves "Atheempa" {Regen+ Str-3
                  | Int+7} (Okawaru gifted it to you on level 6 of the Lair of
                  | Beasts)
 15292 | Lair:6   | Learned a level 3 spell: Regeneration
 15338 | Lair:6   | Reached skill level 1 in Invocations
 15427 | Lair:6   | Reached skill level 1 in Spellcasting
 15580 | Lair:6   | Paralysed by a hornet for 2 turns
 16182 | Lair:6   | Received a gift from Okawaru
 16476 | Lair:6   | Reached XP level 15. HP: 63/79 MP: 20/20
 16615 | Swamp:1  | Entered Level 1 of the Swamp
 16880 | Swamp:1  | Noticed Josephine
 16912 | Swamp:1  | Killed Josephine
 16968 | Swamp:1  | Reached skill level 13 in Stealth
 16991 | Swamp:1  | Noticed Louise
 17010 | Swamp:1  | Killed Louise
 17715 | Swamp:2  | Noticed a thorn hunter
 17722 | Swamp:2  | Killed a thorn hunter
 17722 | Swamp:2  | Received a gift from Okawaru
 17722 | Swamp:2  | Reached skill level 5 in Evocations
 17919 | Swamp:2  | Reached skill level 5 in Invocations
 18370 | Swamp:3  | Reached skill level 10 in Fighting
 18370 | Swamp:3  | Reached skill level 1 in Charms
 18370 | Swamp:3  | Reached skill level 1 in Necromancy
 18370 | Swamp:3  | Reached XP level 16. HP: 85/85 MP: 23/23
 18807 | Swamp:3  | Reached skill level 5 in Spellcasting
 18930 | Swamp:4  | Entered Level 4 of the Swamp
 18948 | Swamp:4  | Received a gift from Okawaru
 19170 | Swamp:4  | Noticed a thorn hunter
 19200 | Swamp:4  | Killed a thorn hunter
 19200 | Swamp:4  | Reached XP level 17. HP: 77/90 MP: 24/26
 19259 | Swamp:4  | Received a gift from Okawaru
 19378 | Swamp:4  | Got a heavily runed bronze ring
 19382 | Swamp:4  | Identified the ring "Vegiax" {rF+ Str+2} (You found it on
                  | level 4 of the Swamp)
 19533 | Swamp:4  | Got a decaying rune of Zot
 19991 | Snake:1  | Entered Level 1 of the Snake Pit
 20011 | Snake:1  | Noticed Nikola
 20022 | Snake:1  | Killed Nikola
 20124 | Snake:1  | Reached skill level 10 in Shields
 20128 | Snake:1  | Received a gift from Okawaru
 21194 | Snake:2  | Received a gift from Okawaru
 21426 | Snake:2  | You fall into a shaft and drop 1 floor!
 22050 | Snake:3  | Reached skill level 14 in Stealth
 22115 | Snake:3  | Reached XP level 18. HP: 96/96 MP: 31/31
 22530 | Snake:4  | Entered Level 4 of the Snake Pit
 22561 | Snake:4  | Received a gift from Okawaru
 22575 | Snake:4  | Got a shimmering cloak {god gift}
 22586 | Snake:4  | Identified the +0 cloak of Grottiness {Int+5 Dex-4}
                  | (Okawaru gifted it to you on level 4 of the Snake Pit)
 22881 | Snake:4  | Found Nivvu's Armour Boutique.
 22881 | Snake:4  | Found Tiwk's Armour Shop.
 22920 | Snake:4  | Reached skill level 10 in Dodging
 22925 | Snake:4  | Found Peahatit's General Store.
 22929 | Snake:4  | Found Fuguavig's Weapon Boutique.
 22943 | Snake:4  | Bought a +1 pair of boots for 230 gold pieces
 23357 | Snake:4  | Noticed Vashnia
 23455 | Snake:4  | Killed Vashnia
 23825 | Snake:4  | Received a gift from Okawaru
 23837 | Snake:4  | Got a shimmering rapier {god gift}
 23838 | Snake:4  | Identified the +5 rapier of the Gloaming {venom, rElec
                  | Str-2 SInv Stlth+} (Okawaru gifted it to you on level 4 of
                  | the Snake Pit)
 24212 | Snake:4  | Got a serpentine rune of Zot
 24575 | Orc:1    | Entered Level 1 of the Orcish Mines
 24973 | Orc:1    | Received a gift from Okawaru
 24988 | Orc:1    | Reached skill level 5 in Charms
 25022 | Orc:1    | Reached XP level 19. HP: 101/101 MP: 32/32
 25331 | Orc:2    | Entered Level 2 of the Orcish Mines
 25522 | Orc:2    | Found Cetwa's Antique Armour Emporium.
 25558 | Orc:2    | Found Teyhohuthra's Book Shop.
 25835 | Orc:2    | Found Nenud's General Store.
 25843 | Orc:2    | Bought a scroll of blinking for 112 gold pieces
 25921 | Orc:2    | Found a staircase to the Elven Halls.
 26006 | Orc:2    | Found a roughly hewn altar of Beogh.
 26254 | Orc:2    | Found Plog's Antique Weapon Shop.
 26406 | Elf:1    | Entered Level 1 of the Elven Halls
 26479 | Elf:1    | Found Kiddee Coxt's Jewellery Emporium.
 26490 | Elf:1    | Reached skill level 5 in Necromancy
 26494 | Elf:1    | Bought a +1 ring of protection for 51 gold pieces
 26494 | Elf:1    | Bought a cursed amulet of inaccuracy for 34 gold pieces
 26494 | Elf:1    | Bought a cursed ring of teleportation for 76 gold pieces
 26523 | Elf:1    | Found Tyryaveca's Assorted Antiques.
 26644 | Elf:1    | Found Rahamus's Distillery.
 26648 | Elf:1    | Bought a potion of agility for 60 gold pieces
 26648 | Elf:1    | Bought a potion of curing for 45 gold pieces
 26648 | Elf:1    | Bought a potion of might for 60 gold pieces
 26648 | Elf:1    | Bought a potion of resistance for 150 gold pieces
 26843 | Elf:1    | Found Korghaor's Food Boutique.
 27055 | Elf:1    | Identified the Reference Book on Conjuration
 27088 | Elf:1    | Found Giennu's Weapon Shop.
 27503 | Elf:1    | Reached skill level 15 in Stealth
 27702 | Elf:2    | Received a gift from Okawaru
 27761 | Elf:2    | Got a pair of dazzling boots {god gift}
 27767 | Elf:2    | Identified the -4 pair of boots of Bitor {rN+ Stlth+}
                  | (Okawaru gifted it to you on level 2 of the Elven Halls)
 27828 | Elf:2    | Found an ancient bone altar of Kikubaaqudgha.
 27954 | Elf:2    | Found a runed translucent gate.
 27954 | Elf:2    | Found a runed translucent gate.
 27954 | Elf:2    | Found a runed translucent gate.
 28353 | Elf:2    | Noticed Saint Roka
 28405 | Elf:2    | HP: 5/102 [+1 scimitar of distortion (10)]
 28405 | Elf:2    | Slain by a +1 scimitar of distortion

Levels and vault maps discovered:
D:1:      minmay_arrival_arboretum_small, layout_basic, supply_closet_lemuel,
          minmay_rat_gold_closets
D:2:      layout_basic, first_ration, nrook_mini_vaults, uniq_sigmund
D:3:      layout_basic, lemuel_crystal_altar
D:4:      layout_basic, serial_shops, shop
D:5:      layout_loops_corners, kennysheep_little_box, uniq_edmund
D:6:      layout_loops_ring, minmay_temple_entry_slanted, uniq_blork_the_orc,
          uniq_eustachio, uniq_crazy_yiuf_cottage
D:7:      layout_basic, led_sif_pool, grunt_ogre_cave
D:8:      layout_layer_cave, gammafunk_temple_overflow_wave,
          nicolae_overflow_crystal_walls
D:9:      layout_roguey, gammafunk_temple_overflow_elements, dpeg_oklobed_lair,
          minmay_orc_entry_temple_small
Temple:   zaba_magenta_temple
Lair:1:   layout_gridlike, minmay_lair_oklob_chamber, uniq_grum, uniq_fannar
Lair:2:   layout_big_grid, gauntlet_entry_generic,
          portal_ice_cave_entry_ice_beasts, hangedman_lair_generics_rect
Lair:3:   layout_gridlike, minmay_snake_entry_guardpost_small,
          kennysheep_abandoned_house, uniq_urug
Lair:4:   layout_small_grid, skrybe_swamp_entry_bodies, beast_lair_carwin_8
Lair:5:   layout_regular_city, lightli_volcano_entry_magma_tube
Lair:6:   hangedman_lair_caniforms_friends, layout_cave_shapes,
          hangedman_lair_tendril_chambers, minmay_slime_entry_eyes
Swamp:1:  layout_basic_swamp, wheals_swamp_sinkhole, uniq_louise, uniq_josephine
Swamp:2:  layout_basic_swamp, evilmike_swamp_ruin_house_5
Swamp:3:  layout_basic_swamp, evilmike_swamp_ruin_house_6
Swamp:4:  swamp_alternative, layout_basic_swamp, swamp_pool2
Snake:1:  layout_misc_corridors, uniq_nikola
Snake:2:  layout_cave_pods
Snake:3:  layout_gridlike
Snake:4:  johnstein_snake_rune_scales, layout_cave_town, guppyfry_library_mini,
          serial_bayou_shore_b, minmay_shoptagon
Orc:1:    layout_caves, guppyfry_orc_lava_fort
Orc:2:    grunt_orc_gardens, layout_caves, grunt_orc_garden, grunt_orc_garden,
          grunt_orc_garden, grunt_orc_garden, basic_altar
Elf:1:    eino_elf_arrival_the_gate, layout_loops_corners, serial_shops,
          shop_fountains, shop, shop, shop, shop, minmay_elf_annihilation,
          drop_trap
Elf:2:    layout_geoelf_octagon, basic_altar, uniq_saint_roka

Skill      XL: |  1  2  3  4  5  6  7  8  9 10 11 12 13 14 15 16 17 18 19 |
---------------+----------------------------------------------------------+-----
Short Blades   | 3 4 5 6 7 9 10 11 12 13 14 | 14.0
Fighting       | 3 4 5 6 7 8 9 10 11 12 | 12.1
Stealth        | 3 4 5 7 8 10 11 12 13 14 15 | 15.4
Armour         | 1 2 3 4 5 6 7 8 9 |  9.2
Dodging        | 3 4 5 6 7 8 9 10 | 10.8
Shields        | 1 2 3 4 5 6 7 8 9 10 12 13 | 13.1
Evocations     | 1 2 4 5 |  5.8
Invocations    | 3 5 |  5.4
Spellcasting   | 3 4 5 8 9 |  9.4
Charms         | 1 5 |  5.8
Necromancy     | 1 4 5 |  5.0

Action                   |  1- 3 |  4- 6 |  7- 9 | 10-12 | 13-15 | 16-18 | 19-21 || total
-------------------------+-------+-------+-------+-------+-------+-------+-------++-------
Melee: Short sword       |    74 |   162 |   406 |       |       |       |       ||   642
       Bite              |    13 |    59 |   154 |   512 |   520 |   976 |   447 ||  2681
       Rapier            |       |       |     3 |   786 |  1124 |    24 |       ||  1937
       Dagger            |       |       |       |   360 |       |       |       ||   360
       Quick blade       |       |       |       |       |    81 |  1958 |   898 ||  2937
Invok: Heroism           |       |       |       |     2 |     3 |     8 |     2 ||    15
 Abil: Evoke Invisibilit |       |       |     1 |     3 |     3 |     2 |     1 ||    10
Evoke: Wand              |       |       |       |     1 |     1 |    17 |     6 ||    25
       Box of beasts     |       |       |       |       |       |       |     1 ||     1
  Use: Scroll            |     1 |     1 |     9 |    14 |    19 |     7 |     3 ||    54
       Potion            |       |       |       |       |     1 |       |       ||     1
 Stab: Sleeping          |    12 |     6 |    25 |    19 |    19 |    25 |    17 ||   123
       Distracted        |       |     1 |     2 |     6 |     3 |     2 |     4 ||    18
       Invisible         |       |       |     4 |     9 |     1 |     1 |    10 ||    25
       Paralysed         |       |       |       |       |       |     1 |       ||     1
  Eat: Chunk             |       |     3 |    12 |    13 |    15 |     7 |     5 ||    55
       Ration            |       |     1 |       |     2 |     2 |     6 |     1 ||    12
Armor: Robe              |     4 |    10 |       |       |       |       |       ||    14
       Scale mail        |     3 |    54 |    28 |       |       |       |       ||    85
       Swamp dragon scal |       |       |    71 |   232 |   275 |   307 |   104 ||   989
       Chain mail        |       |       |       |       |     6 |       |       ||     6
Dodge: Dodged            |    38 |    97 |   161 |   614 |   708 |   518 |   159 ||  2295
Block: Buckler           |       |       |    71 |   229 |   319 |       |       ||   619
       Large shield      |       |       |       |       |    98 |   883 |   427 ||  1408
       Shield            |       |       |       |       |       |   161 |       ||   161

Table legend:
 A = Non-vault XP
 B = Vault XP
 C = Vault XP percentage of total XP
 D = Non-vault monster count
 E = Vault monster count
 F = Vault count percentage of total count
                 A         B        C        D         E       F
            +---------+---------+-------+---------+---------+-------
      Total |  188958 |  141541 |  42.8 |     705 |     376 |  34.8
            +---------+---------+-------+---------+---------+-------
        D:1 |      60 |       5 |   7.7 |      22 |       5 |  18.5
        D:2 |      92 |     227 |  71.2 |      18 |       1 |   5.3
        D:3 |     245 |       0 |   0.0 |      20 |       0 |   0.0
        D:4 |     467 |       0 |   0.0 |      20 |       0 |   0.0
        D:5 |     842 |     157 |  15.7 |      17 |       1 |   5.6
        D:6 |     881 |     324 |  26.9 |      29 |       3 |   9.4
        D:7 |    1412 |     118 |   7.7 |      29 |       1 |   3.3
        D:8 |    1315 |       0 |   0.0 |       6 |       0 |   0.0
        D:9 |    1803 |     273 |  13.2 |      33 |       9 |  21.4
     Lair:1 |    2932 |    1415 |  32.6 |      15 |       4 |  21.1
     Lair:2 |    5938 |    3526 |  37.3 |      27 |      13 |  32.5
     Lair:3 |    5730 |    1745 |  23.3 |      28 |      21 |  42.9
     Lair:4 |    6320 |    2941 |  31.8 |      30 |      10 |  25.0
     Lair:5 |    9061 |     503 |   5.3 |      24 |       3 |  11.1
     Lair:6 |   11461 |   20613 |  64.3 |      37 |      90 |  70.9
    Swamp:1 |    7922 |    3730 |  32.0 |      28 |       7 |  20.0
    Swamp:2 |   11646 |       0 |   0.0 |      25 |       0 |   0.0
    Swamp:3 |    9130 |       0 |   0.0 |      28 |       0 |   0.0
    Swamp:4 |    9522 |   21512 |  69.3 |      17 |      28 |  62.2
    Snake:1 |   10484 |    3983 |  27.5 |      22 |       1 |   4.3
    Snake:2 |   17773 |       0 |   0.0 |      30 |       0 |   0.0
    Snake:3 |   17132 |       0 |   0.0 |      32 |       0 |   0.0
    Snake:4 |   10646 |   46009 |  81.2 |      21 |      75 |  78.1
      Orc:1 |    5300 |    4584 |  46.4 |      36 |      21 |  36.8
      Orc:2 |    3434 |   10837 |  75.9 |      46 |      27 |  37.0
      Elf:1 |   16754 |    7533 |  31.0 |      33 |      12 |  26.7
      Elf:2 |   20656 |    3032 |  12.8 |      32 |       5 |  13.5
      IceCv |       0 |    3710 | 100.0 |       0 |      28 | 100.0
    Volcano |       0 |    4764 | 100.0 |       0 |      11 | 100.0
            +---------+---------+-------+---------+---------+-------
